 Dungeon Crawl Stone Soup version 0.31-a0-982-g1816016f30 (webtiles) character file.

Game seed: 14537388888504000246

8931 BinkBink the Cleaver (level 11, -9/101 HPs)
             Began as a Minotaur Monk on Nov 2, 2023.
             Was a High Priest of Qazlal.
             Mangled by an orc knight
             ... wielding a +0 glaive
              (22 damage)
             ... in a bailey.
             The game lasted 00:15:55 (9679 turns).

BinkBink the Cleaver (Minotaur Monk)                Turns: 9679, Time: 00:15:55

Health: -9/101     AC: 10    Str: 20    XL:     11   Next: 16%
Magic:  0/10       EV: 18    Int:  9    God:    Qazlal [*****.]
Gold:   468        SH:  6    Dex: 19    Spells: 10/10 levels left

rFire   . . .        g - +3 scythe (vamp)
rCold   . . .        (shield currently unavailable)
rNeg    . . .        E - +2 toga "Victory" {*Victory Int+2 Slay+2 Clar}
rPois   .            (helmet restricted)
rElec   .            h - +0 cloak
rCorr   +            k - +0 pair of gloves
SInv    .            (no boots)
Will    .....        i - amulet of guardian spirit
Stlth   +            s - +6 ring of dexterity
HPRegen 0.36/turn    z - ring of resist corrosion
MPRegen 0.12/turn

%: repel missiles, clarity, guardian spirit
@: protected from physical damage
A: horns 2, retaliatory headbutt
a: Renounce Religion, Upheaval, Elemental Force, Disaster Area


You were in a bailey.
You worshipped Qazlal.
Qazlal was extremely pleased with you.
You visited 1 branch of the dungeon, and saw 10 of its levels.
You also visited: Bailey.

You collected 569 gold pieces.
You spent 101 gold pieces at shops.

Inventory:

Hand Weapons
 g - a +3 vampiric scythe (weapon)
Armour
 b - a +0 robe
 h - a +0 cloak (worn)
 k - a +0 pair of gloves (worn)
 x - +0 steam dragon scales
 B - a +0 troll leather armour
 D - the +1 robe of Ceab {Contam Rampage rF+ Stlth+}
   (You found it on level 9 of the Dungeon)

   rF+:       It protects you from fire.
   Contam:    It causes magical contamination when unequipped.
   Rampage:   It bestows one free step when moving towards enemies.
   Stlth+:    It makes you more stealthy.
 E - the +2 toga "Victory" (worn) {*Victory Int+2 Slay+2 Clar}
   (You found it on level 9 of the Dungeon)

   *Victory:  When the wearer kills a threatening monster, it has a chance to
   gain +1 AC, +1 Slay, and +1 Int, capping at +7.
   When the wearer uses a scroll or a potion with a hostile monster in sight,
   its bonuses reset to +0.
   Unequipping it also resets its bonuses to +0.
   Int+2:     It affects your intelligence (+2).
   Slay+2:    It affects your accuracy & damage with ranged weapons and melee
   (+2).
   Clar:      It protects you from confusion, rage, mesmerisation and fear.
Jewellery
 i - an amulet of guardian spirit (around neck)
 m - a ring of see invisible
 s - a +6 ring of dexterity (left hand)
 z - a ring of resist corrosion (right hand)
Wands
 p - a wand of flame (15)
 t - a wand of mindburst (19)
 G - a wand of digging (6)
Scrolls
 a - a scroll of fog
 e - a scroll of immolation
 f - 3 scrolls of teleportation
 j - 2 scrolls of brand weapon
 o - 2 scrolls of poison
 r - 2 scrolls of noise
 w - a scroll of identify
 y - a scroll of blinking
Potions
 c - a potion of ambrosia
 d - 6 potions of haste
 l - 3 potions of heal wounds
 n - a potion of attraction
 q - a potion of berserk rage
 u - a potion of enlightenment
 v - 3 potions of curing
 A - 3 potions of cancellation
 C - 2 potions of might {unknown}
 F - a potion of degeneration {unknown}
 H - a potion of invisibility {unknown}
 I - a potion of magic {unknown}


   Skills:
 + Level 10.3 Fighting
 * Level 13.5 Axes
 - Level 8.8 Armour
 + Level 9.4 Dodging


You had 10 spell levels left.
You didn't know any spells.
Your spell library was empty.

Dungeon Overview and Level Annotations

Branches:
Dungeon (10/15)            Temple (0/1) D:6          Bailey (1/1)
   Lair: D:8-11         Orc: D:9-12

Altars:
Dithmenos
Gozag
Nemelex Xobeh
Qazlal
Ru
Xom
Yredelemnul
The Shining One

Shops:
D:5 ![**

Annotations:
D:3 1 runed translucent door, Crazy Yiuf


Innate Abilities, Weirdness & Mutations

You have a pair of horns on your head.
You reflexively headbutt those who attack you in melee.


Message History

The orc knight hits you from afar with a +0 glaive!
* * * LOW HITPOINT WARNING * * *
Things that are here:
a +0 halberd; a +0 war axe The orc attacks as it pursues you!
The orc closely misses you. The orc attacks as it pursues you!
The orc completely misses you.
Items here: ))) [[.
You see here a +0 trident.
You see here a +0 war axe.
Things that are here:
a +0 halberd; a +0 war axe
Items here: ))) [[.
The orc knight roars a battlecry!
The orc goes into a battle-frenzy!
You see here a +0 trident.
You see here a +0 war axe.
Things that are here:
a +0 halberd; a +0 war axe
Items here: ))) [[.
The orc knight hits you from afar with a +0 glaive!!
* * * LOW HITPOINT WARNING * * *
Okay, then.
Okay, then.
Your protection from physical attacks is fading.
You feel much better.
You hit the orc.
The orc is almost dead.
The orc hits you with a +0 halberd!
* * * LOW HITPOINT WARNING * * *
You feel more protected from physical attacks.
You block the orc knight's attack.
You puncture the orc!
You feel better.
You kill the orc!
Qazlal accepts your kill.
The orc knight hits you with a +0 glaive.
* * * LOW HITPOINT WARNING * * *
You slash the orc knight!
The orc knight is moderately wounded.
The orc knight hits you with a +0 glaive!!
You die...

############ ####
##.∩...o....## ##...
#....°@#.....######....
#....)###o...#....#..##
#∩.....8o....'....'..8.
#....)###).).#....#..##
#....).#))...######....
##.∩....))..## ##...
############ ####


You could see an orc knight.

Vanquished Creatures
  A two-headed ogre (D:9)
  A centaur warrior (D:9)
  Sonja (D:10)
  Pikel (D:8)
  A manticore (D:9)
  A troll (D:9)
  Grinder (D:3)
  2 hornets
  Sigmund (D:2)
  A shadow (D:9)
  6 yaks (D:8)
  A steam dragon (D:6)
  An acid dragon (D:10)
  2 water moccasins
  7 orc warriors
  A sky beast (D:8)
  An ice beast (D:6)
  An ogre (D:4)
  2 centaurs (D:7)
  A lemure (D:8)
  2 kobold brigands
  2 phantoms (D:4)
  4 bullfrogs
  A gnoll sergeant (D:9)
  2 scorpions (D:5)
  13 wights
  6 killer bees (D:9)
  A howler monkey (D:7)
  A hound (D:6)
  6 orc priests
  2 jellies (D:6)
  5 iguanas
  A sleepcap (D:6)
  Natasha (D:4)
  13 orc wizards
  Ijyb (D:5)
  Robin (D:3)
  14 gnolls
  4 adders
  2 shadow imps
  A white imp (D:6)
  6 ufetubi
  6 worms
  A dart slug (D:5)
  62 orcs
  2 endoplasms (D:2)
  2 giant cockroaches (D:1)
  18 goblins
  7 hobgoblins
  8 jackals
  5 quokkas
  4 ball pythons
  5 bats
  2 frilled lizards
  19 kobolds
  3 rats
267 creatures vanquished.

Vanquished Creatures (others)
  A vine stalker (D:1)
  An elf (D:1)
  A troll (D:1)
  A vampire (D:1)
  2 humans (D:1)
  A naga (D:1)
  3 dwarves (D:1)
  2 tengu (D:1)
  12 tentacles (D:1)
24 creatures vanquished.

Grand Total: 291 creatures vanquished

Notes
Turn   | Place    | Note
-------+----------+-------------------------------------------
     0 | D:1      | BinkBink the Minotaur Monk began the quest for the Orb.
     0 | D:1      | Reached XP level 1. HP: 19/19 MP: 0/0
     0 | D:1      | Noticed a naga
     0 | D:1      | Noticed a dwarf
     0 | D:1      | Noticed a troll
     0 | D:1      | Noticed a vampire
     0 | D:1      | Noticed a vine stalker
     0 | D:1      | Noticed a dwarf
     0 | D:1      | Noticed a kraken
     0 | D:1      | Noticed a tengu
     0 | D:1      | Noticed a dwarf
     0 | D:1      | Noticed a tengu
     0 | D:1      | Noticed a human
     0 | D:1      | Noticed a human
     0 | D:1      | Noticed an elf
     5 | D:1      | Killed a naga
     6 | D:1      | Killed a dwarf
     8 | D:1      | Killed a tengu
     9 | D:1      | Killed a troll
    12 | D:1      | Killed a vine stalker
    14 | D:1      | Killed a tengu
    16 | D:1      | Killed a vampire
    16 | D:1      | Killed an elf
    16 | D:1      | Killed a human
    17 | D:1      | Killed a human
    17 | D:1      | Killed a dwarf
    18 | D:1      | Killed a dwarf
   238 | D:1      | Reached XP level 2. HP: 27/27 MP: 1/1
   249 | D:1      | Reached skill level 4 in Axes
   249 | D:1      | Reached skill level 1 in Armour
   251 | D:1      | HP: 1/27 [constriction (1)]
   662 | D:2      | Reached XP level 3. HP: 33/33 MP: 2/2
   705 | D:2      | Noticed Sigmund
   724 | D:2      | Killed Sigmund
   725 | D:2      | Reached XP level 4. HP: 13/41 MP: 3/3
   725 | D:2      | Reached XP level 5. HP: 14/47 MP: 4/4
  1021 | D:2      | Reached skill level 5 in Axes
  1052 | D:2      | Found a faded altar of an unknown god.
  1251 | D:2      | Reached skill level 5 in Fighting
  1623 | D:3      | Noticed Robin
  1642 | D:3      | Killed Robin
  1804 | D:3      | Reached XP level 6. HP: 55/56 MP: 5/5
  1939 | D:3      | Found a sparkling altar of Nemelex Xobeh.
  2153 | D:3      | Found a stormy altar of Qazlal.
  2168 | D:3      | Noticed Grinder
  2175 | D:3      | Paralysed by Grinder for 3 turns
  2179 | D:3      | Became a worshipper of Qazlal Stormbringer
  2179 | D:3      | Reached * piety under Qazlal
  2179 | D:3      | Reached ** piety under Qazlal
  2180 | D:3      | Paralysed by Grinder for 2 turns
  2195 | D:3      | Paralysed by Grinder for 2 turns
  2200 | D:3      | Paralysed by Grinder for 4 turns
  2210 | D:3      | Paralysed by Grinder for 2 turns
  2212 | D:3      | Killed Grinder
  2213 | D:3      | Reached skill level 6 in Axes
  2213 | D:3      | Reached skill level 5 in Dodging
  2213 | D:3      | Reached XP level 7. HP: 42/61 MP: 3/6
  2371 | D:3      | Found a runed translucent door.
  2372 | D:3      | Noticed Crazy Yiuf
  2870 | D:4      | Reached skill level 7 in Axes
  3133 | D:4      | Noticed Natasha
  3137 | D:4      | Killed Natasha
  3244 | D:5      | Entered Level 5 of the Dungeon
  3257 | D:5      | Found Paoptec's Armour Shop.
  3342 | D:5      | Found Loagik's Assorted Antiques.
  3350 | D:5      | Bought a viscous ruby potion for 25 gold pieces
  3350 | D:5      | Bought a scroll of identify for 56 gold pieces
  3397 | D:5      | Found Feosiwki's General Store.
  3401 | D:5      | Bought a scroll of identify for 20 gold pieces
  3481 | D:5      | Found a shadowy altar of Dithmenos.
  3482 | D:5      | Noticed Ijyb
  3487 | D:5      | Reached XP level 8. HP: 71/71 MP: 7/7
  3497 | D:5      | Killed Ijyb
  3650 | D:5      | Reached skill level 5 in Armour
  3817 | D:5      | Found Rerips's Distillery.
  4116 | D:6      | Reached skill level 8 in Axes
  4420 | D:6      | Found a staircase to the Ecumenical Temple.
  4763 | D:6      | Reached skill level 9 in Axes
  5207 | D:7      | Reached *** piety under Qazlal
  5231 | D:7      | Reached XP level 9. HP: 51/79 MP: 4/8
  5654 | D:7      | Reached skill level 10 in Axes
  6141 | D:8      | Reached **** piety under Qazlal
  6379 | D:8      | Reached skill level 11 in Axes
  6390 | D:8      | Reached XP level 10. HP: 72/90 MP: 6/9
  6466 | D:8      | Noticed Pikel
  6479 | D:8      | Killed Pikel
  7035 | D:9      | Found a shimmering altar of Xom.
  7035 | D:9      | Found an opulent altar of Gozag.
  7035 | D:9      | Found a glowing golden altar of the Shining One.
  7035 | D:9      | Found a basalt altar of Yredelemnul.
  7074 | D:9      | Noticed a two-headed ogre
  7074 | D:9      | Noticed a centaur warrior
  7078 | D:9      | Killed a two-headed ogre
  7079 | D:9      | Reached skill level 12 in Axes
  7081 | D:9      | Noticed a manticore
  7085 | D:9      | Killed a centaur warrior
  7097 | D:9      | Killed a manticore
  7400 | D:9      | Found the +0 toga "Victory" {*Victory Clar}
  7405 | D:9      | Identified the +1 robe of Ceab {Contam Rampage rF+ Stlth+}
  7465 | D:9      | Reached skill level 13 in Axes
  7591 | D:9      | Found a sacrificial altar of Ru.
  7672 | D:9      | Reached skill level 10 in Fighting
  8400 | D:9      | Reached XP level 11. HP: 97/97 MP: 10/10
  8601 | D:10     | Entered Level 10 of the Dungeon
  8647 | D:10     | Reached ***** piety under Qazlal
  8690 | D:10     | Noticed Sonja
  8694 | D:10     | Killed Sonja
  9067 | D:10     | Found a flagged portal.
  9076 | Bailey   | Entered a bailey
  9590 | Bailey   | Noticed an orc knight
  9674 | Bailey   | HP: 2/101 [orc knight/+0 glaive (20)]
  9679 | Bailey   | Mangled by an orc knight

Illustrated notes

Levels and vault maps discovered:
D:1:      nicolae_arrival_kraken_aquarium_a, layout_rooms,
          minmay_misc_feat_columns
D:2:      layout_loops_corners, basic_ecumenical_altar, uniq_sigmund
D:3:      layout_basic, mainiacjoe_overflow_concentric_impassable,
          general_overflow_altar, grunt_decor_clamped, uniq_crazy_yiuf_cottage,
          uniq_robin, uniq_grinder
D:4:      layout_loops_ring, uniq_natasha
D:5:      layout_loops_ring, amcnicky_altar_gilded, serial_shops,
          nicolae_shop_pleasant_corner_grove, kennysheep_mini, shop, shop,
          uniq_ijyb
D:6:      layout_loops_ring, temple_fountains
D:7:      layout_loops_ring
D:8:      layout_basic, nicolae_elevator_lobby_asterisk, uniq_pikel
D:9:      kennysheep_big_flooded_room, layout_basic,
          mainiacjoe_overflow_small_starburst,
          chequers_temple_overflow_statue_of_worship
D:10:     layout_loops_corners, david_orc_4, serial_glass, glass_columns_c,
          glass_columns_b, glass_columns_b, glass_columns_b, glass_columns_b,
          glass_columns_c, glass_columns_a, glass_columns_b, glass_columns_a,
          glass_columns_b, enter_bailey_5, uniq_maggie, uniq_sonja
Bailey:   bailey_polearm_5, bailey

Skill      XL: |  1  2  3  4  5  6  7  8  9 10 |
---------------+-------------------------------+-----
Fighting       | 4 5 6 7 8 10 | 10.3
Axes           | 4 5 6 7 9 11 13 | 13.5
Armour         | 1 2 3 4 6 7 8 |  8.8
Dodging        | 4 5 6 7 9 |  9.4

Action                     |  1- 3 |  4- 6 |  7- 9 | 10-12 || total
---------------------------+-------+-------+-------+-------++-------
  Melee: Hand axe          |    48 |       |       |       ||    48
         Headbutt          |     6 |    12 |    49 |    33 ||   100
         Halberd           |       |   113 |   314 |   218 ||   645
    Use: Scroll            |     1 |     1 |     9 |     8 ||    19
         Potion            |       |       |       |     2 ||     2
   Stab: Sleeping          |       |     3 |       |       ||     3
 Armour: Robe              |    20 |    34 |    79 |    71 ||   204
         Steam dragon scal |       |       |    70 |    50 ||   120
  Dodge: Dodged            |    30 |    45 |   163 |   163 ||   401
         Repelled          |       |       |       |     2 ||     2
  Block: Other             |       |       |    40 |    59 ||    99

Table legend: (Time is in decaauts)
 A = Elapsed time spent in this place.
 B = Non-inter-level travel time spent in this place.
 C = Inter-level travel time spent in this place.
 D = Time resting spent in this place.
 E = Time spent auto-exploring this place.
 F = Levels seen in this place.
 G = Mean time per level.
                   A        B        C        D        E       F      G
               +--------+--------+--------+--------+--------+-----+--------+
         Total |   9811 |   9566 |    245 |   1541 |   6288 |  11 |  891.9 |
       Dungeon |   9205 |   8960 |    245 |   1230 |   6185 |  10 |  920.5 |
        Bailey |    605 |    605 |      0 |    311 |    103 |   1 |  605.0 |
               +--------+--------+--------+--------+--------+-----+--------+

Top non-repeatable levels by time:
     D:9: 1392 daAuts
     D:6: 1216 daAuts
     D:8: 1207 daAuts
     D:2: 990 daAuts
     D:7: 947 daAuts
     D:4: 839 daAuts
     D:3: 826 daAuts
     D:5: 663 daAuts
     D:1: 643 daAuts
  Bailey: 605 daAuts
    D:10: 478 daAuts
